 Dungeon Crawl Stone Soup version 0.31-a0-986-g5e6e4ef867 (webtiles) character file.

Game seed: 2322451580103089749

418 mandarbmax the Chopper (level 6, -17/53 HPs)
             Began as a Hill Orc Gladiator on Nov 8, 2023.
             Demolished by an ogre
             ... wielding a +0 giant spiked club
              (64 damage)
             ... on level 4 of the Dungeon.
             The game lasted 00:04:19 (2779 turns).

mandarbmax the Chopper (Hill Orc Gladiator)         Turns: 2779, Time: 00:04:20

Health: -17/53     AC:  8    Str: 19    XL:     6   Next: 93%
Magic:  6/6        EV:  2    Int:  8    God:
Gold:   124        SH:  0    Dex: 12    Spells: 5/5 levels left

rFire   . . .        a - +0 war axe
rCold   . . .        o - +0 kite shield
rNeg    . . .        b - +0 leather armour
rPois   .            c - +0 helmet
rElec   .            (no cloak)
rCorr   .            (no gloves)
SInv    .            (no boots)
Will    .....        (no amulet)
Stlth   +            n - +4 ring of protection
HPRegen 0.28/turn    (no ring)
MPRegen 0.10/turn

%: no passive effects
@: sleeping
A: no striking features
a: no special abilities


You were on level 4 of the Dungeon.
You visited 1 branch of the dungeon, and saw 4 of its levels.

You collected 124 gold pieces.

Inventory:

Hand Weapons
 a - a +0 war axe (weapon)
 r - a +0 broad axe
Missiles
 d - 4 throwing nets (quivered)
 e - a javelin
Armour
 b - a +0 leather armour (worn)
 c - a +0 helmet (worn)
 o - a +0 kite shield (worn)
Jewellery
 n - a +4 ring of protection (left hand)
Talismans
 h - a beast talisman
Scrolls
 f - 3 scrolls of identify {unknown}
 g - a scroll of immolation {unknown}
 i - a scroll of poison {unknown}
 j - a scroll of teleportation {unknown}
 k - 2 scrolls of fear {unknown}
 l - a scroll of revelation {unknown}
 m - a scroll of enchant weapon {unknown}
 p - a scroll of fog {unknown}
Potions
 q - 2 potions of brilliance {unknown}
 s - 2 potions of ambrosia {unknown}


   Skills:
 + Level 4.3 Fighting
 * Level 7.0 Axes
 - Level 1.7 Throwing
 + Level 3.0 Armour
 + Level 3.4 Dodging


You had 5 spell levels left.
You didn't know any spells.
Your spell library contained the following spells:

 Spells                   Type           Power      Damage    Failure   Level
 Magic Dart               Conj           0%         1d3       83%         1
 Call Imp                 Summ           0%         N/A       92%         2
 Mephitic Cloud           Conj/Pois/Air  0%         N/A       99%         3


Dungeon Overview and Level Annotations

Branches:
Dungeon (4/15)
 Temple: D:4-7

Altars:
Xom

Shops:
D:1 [


Message History

There is an open door here.
You see here a +0 battleaxe.
As you open the door, it creaks loudly!
There is an open door here.
There is an open door here.
You open the door.
There is an open door here.
There is an open door here.
Done exploring.
Done exploring.
Done exploring.
There is a stone staircase leading down here.
You climb downwards.
There is a stone staircase leading up here.
A sleepcap comes into view.
An ogre comes into view. It is wielding a +0 giant spiked club.
Found an encrusted onyx ring.
The ogre shouts!
The sleepcap barely misses you.
You hit the sleepcap but do no damage.
A kobold comes into view. It is wielding a +0 dagger.
The sleepcap closely misses you.
You slash the sleepcap!
The sleepcap is heavily damaged.
You block the sleepcap's attack.
You hit the sleepcap but do no damage.
The sleepcap is heavily damaged.
You closely miss the ogre. You block the ogre's attack.
The sleepcap barely misses you. You block the sleepcap's attack.
You hit the sleepcap but do no damage.
The sleepcap is heavily damaged.
You hit the ogre. You block the ogre's attack. You block the sleepcap's attack.
You slash the sleepcap!
The sleepcap is almost destroyed.
You barely miss the ogre. The sleepcap releases spores at you.
You are engulfed in a cloud of soporific spores!
You fall asleep.
The ogre hits you with a +0 giant spiked club!!!
Ouch! That really hurt!
You die...

#.# #.##.#.# #.#
#.##...# #.#
#.####.#
#####.#####.# #.#
#........##.# #.#
#.###..####.####.#
#.# #..........#.#
#.# ##............
#@# ###########..
.......fOK=....
#..
...####.###.###
#.. #.. #.. ...
### ...# ....
.....


You could see an ogre, a sleepcap and a kobold.

Vanquished Creatures
  Sigmund (D:3)
  A black bear (D:3)
  7 gnolls
  2 adders (D:2)
  A worm (D:2)
  2 dart slugs
  An orc (D:3)
  4 ball pythons
  7 endoplasms
  2 giant cockroaches
  9 goblins
  6 hobgoblins
  5 jackals
  4 quokkas
  7 bats
  5 frilled lizards
  3 kobolds
  3 rats
70 creatures vanquished.

Notes
Turn   | Place    | Note
-------+----------+-------------------------------------------
     0 | D:1      | mandarbmax the Hill Orc Gladiator began the quest for the
                  | Orb.
     0 | D:1      | Reached XP level 1. HP: 18/18 MP: 1/1
   141 | D:1      | Reached XP level 2. HP: 25/25 MP: 2/2
   190 | D:1      | Found Xuaxka's Antique Armour Boutique.
   551 | D:1      | Reached skill level 1 in Armour
   822 | D:2      | Reached XP level 3. HP: 30/30 MP: 3/3
  1046 | D:2      | Reached skill level 5 in Axes
  1105 | D:2      | Reached XP level 4. HP: 32/38 MP: 4/4
  1596 | D:3      | Reached XP level 5. HP: 37/45 MP: 5/5
  1615 | D:3      | HP: 1/45 [gnoll/+0 spear (3)]
  1900 | D:3      | Noticed a black bear
  1914 | D:3      | Killed a black bear
  1915 | D:3      | Reached skill level 6 in Axes
  1915 | D:3      | Reached XP level 6. HP: 44/52 MP: 6/6
  2085 | D:3      | Noticed Sigmund
  2094 | D:3      | Killed Sigmund
  2095 | D:3      | Reached skill level 7 in Axes
  2217 | D:3      | Found a shimmering altar of Xom.
  2779 | D:4      | Demolished by an ogre

Illustrated notes

Levels and vault maps discovered:
D:1:      saegor_arrival_simple_c, layout_basic, serial_shops, shop
D:2:      layout_basic, st_stairs_11, minivault_4
D:3:      layout_loops_corners, lemuel_round_altar, uniq_sigmund
D:4:      layout_basic, nicolae_overflow_hidden_temple,
          ashenzari_conservatory_becter, grunt_ministairs_12

Skill      XL: |  1  2  3  4  5  6 |
---------------+-------------------+-----
Armour         | 1 2 3 |  3.0
Fighting       | 3 4 |  4.3
Axes           | 5 6 7 |  7.0
Dodging        | 3 |  3.4
Throwing       | |  1.7

Action                     |  1- 3 |  4- 6 || total
---------------------------+-------+-------++-------
  Melee: War axe           |    90 |   107 ||   197
         Punch             |     2 |     1 ||     3
   Stab: Sleeping          |     1 |       ||     1
 Armour: Leather armour    |    55 |    86 ||   141
  Dodge: Dodged            |    59 |    72 ||   131
  Block: Kite shield       |       |    29 ||    29
         Form:             |     1 |       ||     1
         Beast             |     1 |       ||     1

Table legend: (Time is in decaauts)
 A = Elapsed time spent in this place.
 B = Non-inter-level travel time spent in this place.
 C = Inter-level travel time spent in this place.
 D = Time resting spent in this place.
 E = Time spent auto-exploring this place.
 F = Levels seen in this place.
 G = Mean time per level.
                   A        B        C        D        E       F      G
               +--------+--------+--------+--------+--------+-----+--------+
         Total |   2834 |   2726 |    108 |    161 |   2057 |   4 |  708.5 |
       Dungeon |   2834 |   2726 |    108 |    161 |   2057 |   4 |  708.5 |
               +--------+--------+--------+--------+--------+-----+--------+

Top non-repeatable levels by time:
     D:3: 996 daAuts
     D:2: 965 daAuts
     D:1: 830 daAuts
     D:4: 42 daAuts
